 Dungeon Crawl Stone Soup version 0.27-a0-1191-g601b473118 (webtiles) character file.

Game seed: 15190632404604633513

23 Lanoc the Gusty (level 2, -1/13 HPs)
             Began as a Spriggan Air Elementalist on May 23, 2021.
             Slain by a worm (9 damage)
             ... on level 2 of the Dungeon.
             The game lasted 00:00:46 (561 turns).

Lanoc the Gusty (Spriggan Air Elementalist)          Turns: 561, Time: 00:00:46

Health: -1/13      AC:  2    Str:  4    XL:     2   Next: 72%
Magic:  1/6        EV: 17    Int: 16    God:
Gold:   0          SH:  0    Dex: 15    Spells: 5/6 levels left

rFire    . . .     SeeInvis +   b - +1 dagger (elec)
rCold    . . .     Faith    .   (shield restricted)
rNeg     . . .     Spirit   .   a - +0 robe
rPois    .         Reflect  .   (helmet restricted)
rElec    .         Harm     .   (no cloak)
rCorr    .         Rampage  .   (gloves unavailable)
Will     .....                  (boots unavailable)
Stlth    ++........             (no amulet)
HPRegen  0.04/turn              (no ring)
MPRegen  0.10/turn              (no ring)

@: very quick
A: very small, no large weapons, unfitting armour, see invisible, speed 3
a: no special abilities


You were on level 2 of the Dungeon.
You visited 1 branch of the dungeon, and saw 2 of its levels.

Inventory:

Hand Weapons
 b - a +1 dagger of electrocution (weapon)
Armour
 a - a +0 robe (worn)


   Skills:
 + Level 3.3 Dodging
 - Level 3.0 Stealth
 - Level 2.6 Spellcasting
 - Level 0.6 Conjurations
 * Level 3.4 Air Magic


You had 5 spell levels left.
You knew the following spells:

 Your Spells              Type           Power      Damage    Failure   Level
a - Shock                 Conj/Air       32%        1d5       9%          1

Your spell library contained the following spells:

 Spells                   Type           Power      Damage    Failure   Level
 Static Discharge         Conj/Air       8%         N/A       13%         2
 Swiftness                Air            13%        N/A       14%         3
 Airstrike                Air            6%         N/A       43%         4
 Lightning Bolt           Conj/Air       4%         1d15      93%         5


Dungeon Overview and Level Annotations

Branches:
Dungeon (2/15)

Altars:


Innate Abilities, Weirdness & Mutations

You are very small and have problems with some larger weapons.
You are too small for most types of armour.
You have supernaturally acute eyesight. (SInv)
You cover ground extremely quickly. (Speed+++)


Message History

The goblin misses you.
You see here a hobgoblin corpse.
You hit the goblin.
The goblin is heavily wounded.
A kobold comes into view. It is wielding a +0 dagger.
The goblin misses you.
You closely miss the goblin.
The goblin is heavily wounded.
The goblin hits you but does no damage.
You closely miss the goblin.
The goblin is heavily wounded.
The goblin hits you with a +0 club.
You barely miss the goblin.
The goblin is heavily wounded.
An adder comes into view.
The goblin closely misses you.
The adder hisses angrily.
You hit the goblin.
You kill the goblin!
You see here a bat corpse.
Casting: Shock (safe; 9% risk of failure)
Confirm with . or Enter, or press ? or * to list all spells.
Aiming: Shock (safe; 9% risk of failure)
Press: ? - help, Shift-Dir - straight line, f - worm
Aim: a worm (89% to hit)
The zap hits the worm.
The worm is moderately wounded.
The zap hits the adder.
The adder is moderately wounded.
Casting: Shock (safe; 9% risk of failure)
Confirm with . or Enter, or press ? or * to list all spells.
Aiming: Shock (safe; 9% risk of failure)
Press: ? - help, Shift-Dir - straight line, f/p - worm
Aim: a worm (lightly wounded, 89% to hit)
The zap hits the worm.
The worm is moderately wounded.
The zap misses the adder.
The worm bites you!
Ouch! That really hurt!
You die...

. .. ..# ######....
#.......#.
###########.........
#.....@wS††)........
#.#########......#..
#.# #...)....# #.#
#####...w. #.# .....
#.# ..#. #.# ... #)#
... #.#


You could see a worm and an adder.

Vanquished Creatures
  A dart slug (D:1)
  2 bats (D:2)
  An endoplasm (D:1)
  A giant cockroach (D:2)
  6 goblins
  A hobgoblin (D:2)
  2 jackals (D:2)
  A ball python (D:1)
  A kobold (D:2)
  A rat (D:1)
17 creatures vanquished.

Notes
Turn   | Place    | Note
-------+----------+-------------------------------------------
     0 | D:1      | Lanoc the Spriggan Air Elementalist began the quest for the
                  | Orb.
     0 | D:1      | Reached XP level 1. HP: 9/9 MP: 5/5
   377 | D:1      | Reached XP level 2. HP: 13/13 MP: 3/6
   561 | D:2      | Slain by a worm

Illustrated notes

Levels and vault maps discovered:
D:1:      dpeg_arrival_snail, layout_loops_ring,
          hellmonk_ecumenical_altar_lost_god
D:2:      layout_basic, minmay_increasing_density, uniq_jessica, uniq_robin

Skill      XL: |  1 |
---------------+----+-----
Dodging        | 3 |  3.3
Air Magic      | 3 |  3.4
Stealth        | |  3.0
Spellcasting   | |  2.6
Conjurations   | |  0.6

Action                   || total
-------------------------++-------
Melee: Unarmed           ||     6
       Dagger            ||    15
 Cast: Shock             ||    27
Armor: Robe              ||     6
Dodge: Dodged            ||    20

Table legend: (Time is in decaauts)
 A = Elapsed time spent in this place.
 B = Non-inter-level travel time spent in this place.
 C = Inter-level travel time spent in this place.
 D = Time resting spent in this place.
 E = Time spent auto-exploring this place.
 F = Levels seen in this place.
 G = Mean time per level.
                   A        B        C        D        E       F      G
               +--------+--------+--------+--------+--------+-----+--------+
         Total |    494 |    490 |      4 |      0 |    406 |   2 |  247.0 |
       Dungeon |    494 |    490 |      4 |      0 |    406 |   2 |  247.0 |
               +--------+--------+--------+--------+--------+-----+--------+

Top non-repeatable levels by time:
     D:1: 347 daAuts
     D:2: 146 daAuts
